 Dungeon Crawl Stone Soup version 0.17.1-3-g152610e (webtiles) character file.

901 Metrazal the Covert (level 7, 0/33 HPs)
             Began as a Spriggan Assassin on Mar 19, 2016.
             Was a Follower of Elyvilon.
             Slain by a crocodile (17 damage)
             ... on level 7 of the Dungeon.
             The game lasted 00:37:39 (4594 turns).

Metrazal the Covert (Spriggan Assassin)             Turns: 4594, Time: 00:37:39

Health: 0/33       AC:  6    Str:  7    XL:     7   Next: 80%
Magic:  8/8        EV: 23    Int: 13    God:    Elyvilon [*.....]
Gold:   213        SH:  0    Dex: 19    Spells: 0 memorised, 6 levels left

rFire  . . .     SeeInvis +     c - +0 hunting sling
rCold  . . .     Clarity  +     n - +1 robe
rNeg   . . .     SustAt   .     (shield restricted)
rPois  +         Gourm    .     (helmet restricted)
rElec  .         Spirit   .     l - +2 cloak {rPois}
rCorr  .         Warding  .     (gloves unavailable)
rMut   .         Stasis   .     (boots unavailable)
MR     +....                    r - amulet of clarity
Stlth  +++++.....               (no ring)
                                (no ring)

@: very quick, somewhat resistant to hostile enchantments, quite stealthy
A: unfitting armour, see invisible, herbivore 3, speed 3, slow metabolism 2
a: Lesser Healing, Divine Protection, Renounce Religion


You were on level 7 of the Dungeon.
You worshipped Elyvilon.
Elyvilon was aware of your devotion.
You were not hungry.

You visited 1 branch of the dungeon, and saw 6 of its levels.

You collected 213 gold pieces.

Inventory:

Hand Weapons
 a - a +2 dagger of venom
 b - a +0 blowgun
 c - a +0 hunting sling (weapon)
 e - a +2 short sword of electrocution
 f - a +1 dagger of freezing
Missiles
 h - 39 sling bullets (quivered)
 i - 144 stones
 s - 26 arrows
 x - 2 curare-tipped needles
 y - 3 poisoned needles
Armour
 l - a +2 cloak of poison resistance (worn)
 n - a +1 robe (worn)
Jewellery
 r - an amulet of clarity (around neck)
Scrolls
 d - 5 scrolls of remove curse
 k - 4 scrolls of identify
 p - a scroll of amnesia
 q - 3 scrolls of blinking
 w - a scroll of fear
 z - a scroll of magic mapping
Potions
 j - a potion of curing {unknown}
 o - a potion of heal wounds {unknown}
 t - a potion of agility {unknown}
 u - a potion of haste {unknown}
 v - 2 potions of lignification
Comestibles
 g - 3 bread rations


   Skills:
 - Level 1.5 Fighting
 + Level 5.3 Short Blades
 + Level 4.6(4.9) Slings
 - Level 2.0(3.1) Throwing
 + Level 6.8 Dodging
 + Level 9.1 Stealth


You had 6 spell levels left.
You didn't know any spells.

Dungeon Overview and Level Annotations

Branches:
Dungeon (7/15)
 Temple: D:4-7

Altars:
Elyvilon
Gozag
Qazlal
Ru

Shops:
D:4 [


Innate Abilities, Weirdness & Mutations

You are tiny and cannot use many weapons and most armour.
You have supernaturally acute eyesight.
You are a herbivore.
You cover ground extremely quickly.
You need consume almost no food.


Message History

Firing (i - inventory. (,) - cycle):
y - 5 poisoned needles (quivered)
Press: ? - help, Shift-Dir - straight line, f - crocodile
Aim: a crocodile You shoot a poisoned needle.
The poisoned needle barely misses the crocodile.
Firing (i - inventory. (,) - cycle):
y - 4 poisoned needles (quivered)
Press: ? - help, Shift-Dir - straight line, f/p - crocodile
Aim: a crocodile You shoot a poisoned needle.
The poisoned needle hits the crocodile!
The crocodile is poisoned.
Wield which item (- for none, * to show all)? (? for menu, Esc to quit)
c - a +0 hunting sling (weapon)
Firing (i - inventory. (,) - cycle):
h - 40 sling bullets (quivered)
Press: ? - help, Shift-Dir - straight line, f/p - crocodile
Aim: a crocodile (lightly wounded, poisoned)
You shoot a sling bullet. The sling bullet hits the crocodile.
The crocodile is moderately wounded.
The crocodile bites you!
Ouch! That really hurt!
You die...

##+##
##...##
##.....##
##......@##
#....((t..#
+(..#####.+
##P†P..P#.#
#PP.Pt.###
##†.P...#
#...P###
######


You could see a crocodile.

Vanquished Creatures
  The ghost of oldnick the Magician, an amateur DEWz (D:4)
  Eustachio (D:4)
  Duvessa (D:4)
  An ogre (D:4)
  A phantom (D:5)
  Dowan (D:4)
  2 giant frog skeletons (D:5)
  An iguana (D:7)
  2 worker ants (D:4)
  Robin (D:3)
  4 adders
  An adder zombie (D:5)
  3 adder skeletons (D:4)
  2 worms (D:3)
  6 giant geckos
  3 orcs
  12 bats
  5 giant cockroaches
  9 hobgoblins
  4 quokkas
  7 giant newts
  17 goblins
  12 kobolds
  7 rats
104 creatures vanquished.

Vanquished Creatures (others)
  A plant (D:7)
1 creature vanquished.

Grand Total: 105 creatures vanquished

Notes
Turn   | Place    | Note
--------------------------------------------------------------
     0 | D:1      | Metrazal the Spriggan Assassin began the quest for the Orb.
     0 | D:1      | Reached XP level 1. HP: 10/10 MP: 2/2
   193 | D:1      | Reached skill level 6 in Stealth
   224 | D:1      | Reached XP level 2. HP: 14/14 MP: 3/3
  1165 | D:2      | Reached XP level 3. HP: 16/18 MP: 4/4
  1652 | D:2      | You fall through a shaft for 2 floors!
  1686 | D:4      | Noticed oldnick's ghost (amateur DEWz)
  2085 | D:2      | Reached skill level 1 in Slings
  2085 | D:2      | Reached XP level 4. HP: 22/22 MP: 5/5
  2186 | D:3      | Found a stormy altar of Qazlal.
  2193 | D:3      | Noticed Robin
  2228 | D:3      | Killed Robin
  2386 | D:3      | Found an opulent altar of Gozag.
  2632 | D:3      | Found a white marble altar of Elyvilon.
  2640 | D:3      | Became a worshipper of Elyvilon the Healer
  2882 | D:3      | Found a sacrificial altar of Ru.
  3163 | D:4      | Noticed an ogre
  3188 | D:4      | Killed an ogre
  3188 | D:4      | Reached skill level 7 in Stealth
  3188 | D:4      | Reached XP level 5. HP: 17/25 MP: 6/6
  3415 | D:4      | Noticed Eustachio
  3422 | D:4      | Killed Eustachio
  3422 | D:4      | Reached skill level 5 in Dodging
  3422 | D:4      | Reached XP level 6. HP: 30/30 MP: 7/7
  3535 | D:4      | Noticed Duvessa
  3535 | D:4      | Noticed Dowan
  3599 | D:4      | Killed Duvessa
  3599 | D:4      | Reached skill level 8 in Stealth
  3612 | D:4      | Killed Dowan
  3612 | D:4      | Reached XP level 7. HP: 33/33 MP: 8/8
  3838 | D:4      | Reached * piety under Elyvilon
  4121 | D:4      | Killed oldnick's ghost
  4121 | D:4      | Reached skill level 5 in Short Blades
  4169 | D:4      | Found Tasaiw's Armour Shoppe.
  4383 | D:5      | Entered Level 5 of the Dungeon
  4471 | D:5      | Reached skill level 9 in Stealth
  4543 | D:5      | You fall through a shaft for 2 floors!
  4594 | D:7      | Slain by a crocodile

Action                   |  1- 3 |  4- 6 |  7- 9 || total
-------------------------+-------+-------+-------++-------
Melee: Dagger            |   125 |    64 |    11 ||   200
       Short sword       |       |       |    34 ||    34
 Fire: Blowgun           |       |    11 |     2 ||    13
       Hunting sling     |       |    10 |     1 ||    11
Throw: Stone             |       |     3 |     8 ||    11
  Use: Scroll            |     6 |     4 |     2 ||    12
 Stab: Sleeping          |    21 |    12 |     7 ||    40
       Distracted        |     1 |       |     1 ||     2
  Eat: Royal jelly       |       |       |     1 ||     1
